Oilers vs Stars

Created - 19 janvier 2021 at 21:52

Goals
1 2 3 T
Oilers 2 1 0 3
Stars 2 0 0 2
Shots
1 2 3 T
Oilers 9 10 7 26
Stars 18 7 8 33

1st period

1. Oilers , Jason Zucker 13 (Ryan Johansen 19, Travis Hamonic 7) at 1:02
2. Stars , Nazem Kadri 16 (John Klingberg 24) at 6:11 (PP)
3. Stars , Patrice Bergeron 21 (Nazem Kadri 13, Duncan Keith 21) at 11:27 (PP)
4. Oilers , Nick Cousins 3 (Adam Lowry 5) at 17:06

Penalties :
Darnell Nurse (DAL) for Holding (Minor) at 2:33, Barclay Goodrow (EDM) for Hooking (Minor) at 5:32, Vladislav Gavrikov (EDM) for Roughing (Minor) at 10:39

2nd period

5. Oilers , Sam Bennett 3 (Vladislav Gavrikov 10, Yanni Gourde 11) at 5:59

Penalties :
Brent Burns (EDM) for Tripping (Minor) at 3:01, Tom Wilson (DAL) for Hooking (Minor) at 9:34, Ryan Johansen (EDM) for Roughing (Minor) at 13:48

3rd period

No Goal

Penalties :
Nazem Kadri (DAL) for Hooking (Minor) at 1:03, Yanni Gourde (EDM) for Hooking (Minor) at 4:55

Goalie Stats

Jonathan Quick (EDM), 31 saves from 33 shots - (0,939), W, 6-8-0, 60:00 minutes
Darcy Kuemper (DAL), 23 saves from 26 shots - (0,885), L, 22-11-5, 59:36 minutes

Players Stats for Oilers

Player Name              G  A  P  +/- PIM S  H  SB GA TA FO     MP     PP MP  PK MP  
------------------------------------------------------------------------------------
Adam Lowry               0  1  1   1  0   1  0  1  0  0  8/14   10:57   0:00   5:06 
Barclay Goodrow          0  0  0   1  2   3  0  0  0  0  1/1    10:31   0:00   4:41 
Barrett Hayton           0  0  0   1  0   1  0  0  0  0  8/18   10:43   0:00   1:35 
Brenden Dillon           0  0  0   0  0   0  0  4  0  0  0/0    17:04   0:00   3:03 
Brent Burns              0  0  0   0  2   0  0  3  0  0  0/0    23:53   2:40   3:35 
Dylan DeMelo             0  0  0   0  0   0  0  0  0  0  0/0    15:42   0:00   0:16 
Evander Kane             0  0  0   0  0   4  8  0  0  0  0/1    19:59   2:38   0:00 
Gustav Nyquist           0  0  0   0  0   5  0  0  0  0  0/0    19:59   2:38   0:00 
Jacob Trouba             0  0  0   0  0   1  3  1  0  0  0/0    22:45   2:40   4:03 
Jason Zucker             1  0  1   1  0   1  0  0  0  0  0/2    18:03   3:19   0:25 
Nick Cousins             1  0  1   1  0   1  0  0  0  0  0/0     7:44   0:00   1:53 
Pavel Zacha              0  0  0   1  0   1  1  1  0  0  0/1    17:38   3:19   0:00 
Ryan Getzlaf             0  0  0   0  0   1  1  0  0  0  13/23  19:59   2:38   0:00 
Ryan Johansen            0  1  1   1  2   4  0  1  0  0  12/18  18:45   3:19   1:08 
Sam Bennett              1  0  1   1  0   2  1  0  0  0  0/0     9:08   0:00   0:00 
Travis Hamonic           0  1  1   3  0   1  2  2  0  0  0/0    21:53   3:17   2:43 
Vladislav Gavrikov       0  1  1   3  2   0  2  0  0  0  0/0    18:41   3:17   1:08 
Yanni Gourde             0  1  1   1  2   0  2  0  0  0  1/2     9:07   0:00   0:00 

Players Stats for Stars

Player Name              G  A  P  +/- PIM S  H  SB GA TA FO     MP     PP MP  PK MP  
------------------------------------------------------------------------------------
Bo Horvat                0  0  0   0  0   8  1  0  0  0  13/31  20:46   3:43   1:46 
Brandon Tanev            0  0  0   0  0   0  0  1  0  0  0/1     9:54   0:00   4:12 
Darnell Nurse            0  0  0  -1  2   2  3  2  0  0  0/0    19:51   0:00   1:27 
Derick Brassard          0  0  0  -1  0   1  1  1  0  0  3/11   11:38   0:00   0:00 
Duncan Keith             0  1  1  -1  0   1  0  0  0  0  0/0    21:38   4:34   2:17 
Evgenii Dadonov          0  0  0   0  0   0  0  0  0  0  2/2    18:53   3:43   0:33 
James van Riemsdyk       0  0  0  -1  0   3  0  0  0  0  0/1    11:38   0:00   0:00 
John Klingberg           0  1  1  -1  0   2  0  1  0  0  0/0    25:55   4:20   3:40 
Jon Marchessault         0  0  0  -1  0   0  2  1  0  0  0/0    12:18   0:00   0:00 
Josh Leivo               0  0  0   0  0   2  0  0  0  0  0/0     5:42   0:00   0:00 
Mattias Ekholm           0  0  0  -1  0   0  0  1  0  0  0/0    21:47   2:50   3:40 
Nazem Kadri              1  1  2  -2  2   3  0  0  0  0  2/2    18:22   3:41   0:00 
Patrice Bergeron         1  0  1  -2  0   5  1  0  0  0  11/18  17:46   3:41   0:03 
Sami Vatanen             0  0  0  -1  0   2  1  0  0  0  0/0    16:58   3:04   0:27 
Scott Mayfield           0  0  0  -1  0   0  3  0  0  0  0/0    13:50   0:00   0:23 
Teddy Blueger            0  0  0   0  0   0  0  1  0  0  6/12    9:50   0:00   4:08 
Tom Wilson               0  0  0  -2  2   3  4  0  0  0  0/2    18:54   3:41   1:12 
Tyler Toffoli            0  0  0   0  0   1  5  0  0  0  0/0    18:20   3:43   0:00 

3 Stars

1 - Travis Hamonic (EDM)
2 - Sam Bennett (EDM)
3 - Jason Zucker (EDM)

Power Play

Oilers - 0 on 3 Attempt(s) - 0,00%
Stars - 2 on 5 Attempt(s) - 40,00%

Penalty Kill

Oilers - 3 on 5 Attempt(s) - 60,00% - Score 0 goal in Penalty Kill
Stars - 3 on 3 Attempt(s) - 100,00% - Score 0 goal in Penalty Kill

Team Stat

Oilers - Hits : 20 - Faceoff Wins : 43 - Blocked Shots : 13 - Penalty Minutes : 10
Stars - Hits : 21 - Faceoff Wins : 37 - Blocked Shots : 8 - Penalty Minutes : 6

Official

Referees : Robert Hennessey and Dean Morton
Linesman : Greg Devorski and Trent Knorr

Game Notes

No Game Note

Finance

Level 1 -- Attendance: 5102 (85,03%) -- Ticket Income 714 280 $
Level 2 -- Attendance: 3454 (69,08%) -- Ticket Income 386 848 $
Level 3 -- Attendance: 1781 (89,05%) -- Ticket Income 185 224 $
Level 4 -- Attendance: 2707 (59,73%) -- Ticket Income 94 745 $
Luxury Box -- Attendance: 765 (76,50%) -- Ticket Income 197 370 $
Game was played at the American Airlines Center.
Total Attendance: 13809 (74,51%)
Total Ticket Income: 1 578 467 $
Other Income: 773 449 $
Total Income: 2 351 916 $

% Time on Ice - Oilers

Lines # - Real PCT - Wanted PCT - Time Play
Normal Forward
1 - 38% - 40% - 17:21
2 - 31% - 30% - 14:19
3 - 20% - 20% - 9:08
4 - 11% - 10% - 5:11
Normal Defense
1 - 36% - 40% - 16:45
2 - 28% - 30% - 13:01
3 - 35% - 30% - 16:13
4 - 0% - 0% - 0:00
PP Forward
1 - 44% - 60% - 2:38
2 - 56% - 40% - 3:19
PP Defense
1 - 45% - 60% - 2:40
2 - 55% - 40% - 3:17
PK Forward
1 - 76% - 60% - 5:36
2 - 24% - 40% - 1:48
PK Defense
1 - 60% - 60% - 4:28
2 - 40% - 40% - 2:56
PK3 Forward
1 - 0% - 60%
2 - 0% - 40%
PK3 Defense
1 - 0% - 60%
2 - 0% - 40%
44 Forward
1 - 0% - 60%
2 - 0% - 40%
44 Defense
1 - 0% - 60%
2 - 0% - 40%
Last Minute Offensive  - 0:00
Last Minute Defensive  - 0:40
Total
Forward - 60:00
Defense - 60:00

% Time on Ice - Stars

Lines # - Real PCT - Wanted PCT - Time Play
Normal Forward
1 - 32% - 35% - 14:37
2 - 31% - 32% - 14:02
3 - 25% - 23% - 11:38
4 - 12% - 10% - 5:42
Normal Defense
1 - 37% - 40% - 17:02
2 - 31% - 30% - 14:07
3 - 29% - 20% - 13:27
4 - 3% - 10% - 1:23
PP Forward
1 - 50% - 60% - 3:41
2 - 50% - 40% - 3:43
PP Defense
1 - 62% - 60% - 4:34
2 - 38% - 40% - 2:50
PK Forward
1 - 70% - 60% - 4:11
2 - 30% - 40% - 1:46
PK Defense
1 - 56% - 60% - 3:20
2 - 44% - 40% - 2:37
PK3 Forward
1 - 0% - 60%
2 - 0% - 40%
PK3 Defense
1 - 0% - 60%
2 - 0% - 40%
44 Forward
1 - 0% - 60%
2 - 0% - 40%
44 Defense
1 - 0% - 60%
2 - 0% - 40%
Last Minute Offensive  - 0:40
Last Minute Defensive  - 0:00
Total
Forward - 60:00
Defense - 60:00

Play-by-Play

1st period


0:01 of 1st period - Ryan Getzlaf wins face-off versus Bo Horvat in neutral zone.
0:01 of 1st period - Gustav Nyquist is hit by Tyler Toffoli and loses puck.
0:24 of 1st period - Shot by Tyler Toffoli.
0:24 of 1st period - Shot Misses the Net.
0:26 of 1st period - Shot by John Klingberg.
0:26 of 1st period - Stopped by Jonathan Quick without a rebound.
0:27 of 1st period - Ryan Johansen wins face-off versus Patrice Bergeron in Oilers zone.
0:42 of 1st period - Shot by Tom Wilson.
0:42 of 1st period - Shot Blocked by Ryan Johansen.
0:48 of 1st period - Shot by Jason Zucker.
0:48 of 1st period - Deflect By Ryan Johansen.
0:48 of 1st period - Shot Misses the Net.
0:50 of 1st period - Shot by Ryan Johansen.
0:50 of 1st period - Shot Misses the Net.
1:00 of 1st period - Shot by Jason Zucker.
1:00 of 1st period - Shot Misses the Net.
1:02 of 1st period - Shot by Ryan Johansen.
1:02 of 1st period - Deflect By Jason Zucker.
1:02 of 1st period - Goal by Jason Zucker - Oilers : 1 - Stars : 0.
1:03 of 1st period - Derick Brassard wins face-off versus Barrett Hayton in neutral zone.
1:08 of 1st period - Shot by James van Riemsdyk.
1:08 of 1st period - Stopped by Jonathan Quick without a rebound.
1:09 of 1st period - Derick Brassard wins face-off versus Barrett Hayton in Oilers zone.
1:14 of 1st period - Shot by Jon Marchessault.
1:14 of 1st period - Shot Misses the Net.
1:40 of 1st period - Shot by Yanni Gourde.
1:40 of 1st period - Shot Misses the Net.
1:42 of 1st period - Shot by Dylan DeMelo.
1:42 of 1st period - Shot Hit the Post.
1:44 of 1st period - Shot by Brenden Dillon.
1:44 of 1st period - Shot Misses the Net.
2:07 of 1st period - James van Riemsdyk is hit by Evander Kane and loses puck.
2:27 of 1st period - Brent Burns is hit by Darnell Nurse and loses puck.
2:33 of 1st period - Minor Penalty to Darnell Nurse for Holding.
2:34 of 1st period - Ryan Johansen wins face-off versus Teddy Blueger in Stars zone.
3:06 of 1st period - Shot by Pavel Zacha.
3:06 of 1st period - Shot Misses the Net.
3:08 of 1st period - Shot by Travis Hamonic.
3:08 of 1st period - Shot Blocked by John Klingberg.
3:10 of 1st period - Shot by Vladislav Gavrikov.
3:10 of 1st period - Shot Misses the Net.
3:12 of 1st period - Shot by Ryan Johansen.
3:12 of 1st period - Stopped by Darcy Kuemper with a rebound.
3:14 of 1st period - Shot by Vladislav Gavrikov.
3:14 of 1st period - Shot Misses the Net.
5:02 of 1st period - Icing by Dylan DeMelo.
5:03 of 1st period - Bo Horvat wins face-off versus Adam Lowry in Oilers zone.
5:08 of 1st period - Shot by Evgenii Dadonov.
5:08 of 1st period - Deflect By Bo Horvat.
5:08 of 1st period - Shot Misses the Net.
5:32 of 1st period - Minor Penalty to Barclay Goodrow for Hooking.
5:33 of 1st period - Patrice Bergeron wins face-off versus Barrett Hayton in Oilers zone.
5:46 of 1st period - Shot by Duncan Keith.
5:46 of 1st period - Stopped by Jonathan Quick without a rebound.
5:47 of 1st period - Barrett Hayton wins face-off versus Patrice Bergeron in Oilers zone.
6:11 of 1st period - Shot by Nazem Kadri.
6:11 of 1st period - Goal by Nazem Kadri - Oilers : 1 - Stars : 1.
6:12 of 1st period - Ryan Getzlaf wins face-off versus Teddy Blueger in neutral zone.
6:26 of 1st period - Shot by Josh Leivo.
6:26 of 1st period - Stopped by Jonathan Quick without a rebound.
6:27 of 1st period - Bo Horvat wins face-off versus Ryan Johansen in Oilers zone.
7:26 of 1st period - Icing by John Klingberg.
7:27 of 1st period - Patrice Bergeron wins face-off versus Ryan Getzlaf in Stars zone.
7:27 of 1st period - Patrice Bergeron is hit by Evander Kane.
7:59 of 1st period - Nazem Kadri is hit by Vladislav Gavrikov and loses puck.
8:21 of 1st period - Off-side.
8:22 of 1st period - Barrett Hayton wins face-off versus Derick Brassard in neutral zone.
8:28 of 1st period - Shot by Yanni Gourde.
8:28 of 1st period - Shot Misses the Net.
8:38 of 1st period - Shot by Sam Bennett.
8:38 of 1st period - Shot Misses the Net.
8:46 of 1st period - Shot by Yanni Gourde.
8:46 of 1st period - Shot Misses the Net.
8:48 of 1st period - Shot by Sam Bennett.
8:48 of 1st period - Stopped by Darcy Kuemper without a rebound.
8:49 of 1st period - Bo Horvat wins face-off versus Pavel Zacha in Stars zone.
9:23 of 1st period - Shot by Bo Horvat.
9:23 of 1st period - Stopped by Jonathan Quick without a rebound.
9:24 of 1st period - Ryan Getzlaf wins face-off versus Patrice Bergeron in Oilers zone.
9:24 of 1st period - Ryan Getzlaf is hit by Patrice Bergeron.
9:46 of 1st period - Shot by Patrice Bergeron.
9:46 of 1st period - Stopped by Jonathan Quick without a rebound.
9:47 of 1st period - Teddy Blueger wins face-off versus Barrett Hayton in Oilers zone.
9:50 of 1st period - Shot by Josh Leivo.
9:50 of 1st period - Shot Misses the Net.
9:57 of 1st period - Off-side.
9:58 of 1st period - Ryan Johansen wins face-off versus Bo Horvat in neutral zone.
10:01 of 1st period - Shot by Ryan Johansen.
10:01 of 1st period - Stopped by Darcy Kuemper without a rebound.
10:02 of 1st period - Patrice Bergeron wins face-off versus Ryan Getzlaf in Stars zone.
10:02 of 1st period - Patrice Bergeron is hit by Evander Kane.
10:38 of 1st period - Shot by Tom Wilson.
10:38 of 1st period - Stopped by Jonathan Quick without a rebound.
10:39 of 1st period - Bo Horvat wins face-off versus Jason Zucker in Oilers zone.
10:39 of 1st period - Minor Penalty to Vladislav Gavrikov for Roughing.
10:40 of 1st period - Evgenii Dadonov wins face-off versus Adam Lowry in Oilers zone.
10:43 of 1st period - Shot by Bo Horvat.
10:43 of 1st period - Shot Misses the Net.
10:51 of 1st period - Shot by Mattias Ekholm.
10:51 of 1st period - Shot Blocked by Brenden Dillon.
10:59 of 1st period - Shot by Tyler Toffoli.
10:59 of 1st period - Shot Misses the Net.
11:01 of 1st period - Shot by Sami Vatanen.
11:01 of 1st period - Shot Blocked by Brenden Dillon.
11:03 of 1st period - Shot by Sami Vatanen.
11:03 of 1st period - Stopped by Jonathan Quick with a rebound.
11:05 of 1st period - Shot by Mattias Ekholm.
11:05 of 1st period - Deflect By Bo Horvat.
11:05 of 1st period - Stopped by Jonathan Quick without a rebound.
11:06 of 1st period - Patrice Bergeron wins face-off versus Adam Lowry in Oilers zone.
11:27 of 1st period - Shot by Patrice Bergeron.
11:27 of 1st period - Goal by Patrice Bergeron - Oilers : 1 - Stars : 2.
11:28 of 1st period - Ryan Getzlaf wins face-off versus Bo Horvat in neutral zone.
11:32 of 1st period - Gustav Nyquist is hit by Scott Mayfield and loses puck.
11:46 of 1st period - Shot by Gustav Nyquist.
11:46 of 1st period - Stopped by Darcy Kuemper without a rebound.
11:47 of 1st period - Ryan Johansen wins face-off versus Patrice Bergeron in Stars zone.
11:48 of 1st period - Shot by Pavel Zacha.
11:48 of 1st period - Shot Blocked by Darnell Nurse.
12:15 of 1st period - Jacob Trouba is hit by Darnell Nurse and loses puck.
13:04 of 1st period - Shot by Bo Horvat.
13:04 of 1st period - Stopped by Jonathan Quick without a rebound.
13:05 of 1st period - Ryan Getzlaf wins face-off versus Derick Brassard in Oilers zone.
13:05 of 1st period - Evander Kane is hit by Jon Marchessault and loses puck.
13:30 of 1st period - Shot by James van Riemsdyk.
13:30 of 1st period - Shot Misses the Net.
14:10 of 1st period - Shot by Bo Horvat.
14:10 of 1st period - Deflect By Evgenii Dadonov.
14:10 of 1st period - Shot Misses the Net.
15:30 of 1st period - Icing by John Klingberg.
15:31 of 1st period - Ryan Johansen wins face-off versus Tom Wilson in Stars zone.
16:26 of 1st period - Shot by Teddy Blueger.
16:26 of 1st period - Deflect By Josh Leivo.
16:26 of 1st period - Shot Misses the Net.
16:28 of 1st period - Shot by Scott Mayfield.
16:28 of 1st period - Deflect By Josh Leivo.
16:28 of 1st period - Stopped by Jonathan Quick with a rebound.
16:30 of 1st period - Shot by Teddy Blueger.
16:30 of 1st period - Shot Misses the Net.
16:46 of 1st period - Shot by Derick Brassard.
16:46 of 1st period - Stopped by Jonathan Quick without a rebound.
16:47 of 1st period - Bo Horvat wins face-off versus Barrett Hayton in Oilers zone.
17:04 of 1st period - Shot by Barrett Hayton.
17:04 of 1st period - Stopped by Darcy Kuemper without a rebound.
17:05 of 1st period - Adam Lowry wins face-off versus Patrice Bergeron in Stars zone.
17:06 of 1st period - Shot by Nick Cousins.
17:06 of 1st period - Goal by Nick Cousins - Oilers : 2 - Stars : 2.
17:07 of 1st period - Adam Lowry wins face-off versus Bo Horvat in neutral zone.
17:12 of 1st period - Shot by Barclay Goodrow.
17:12 of 1st period - Stopped by Darcy Kuemper without a rebound.
17:13 of 1st period - Bo Horvat wins face-off versus Ryan Getzlaf in Stars zone.
17:13 of 1st period - Bo Horvat is hit by Evander Kane.
17:16 of 1st period - Icing by Tyler Toffoli.
17:17 of 1st period - Bo Horvat wins face-off versus Ryan Getzlaf in Stars zone.
17:32 of 1st period - Ryan Getzlaf is hit by Tyler Toffoli and loses puck.
17:57 of 1st period - Shot by Bo Horvat.
17:57 of 1st period - Stopped by Jonathan Quick without a rebound.
17:58 of 1st period - Barrett Hayton wins face-off versus Tom Wilson in Oilers zone.
17:58 of 1st period - Barrett Hayton is hit by Tom Wilson.
18:04 of 1st period - Patrice Bergeron is hit by Yanni Gourde and loses puck.
18:13 of 1st period - Shot by Jacob Trouba.
18:13 of 1st period - Stopped by Darcy Kuemper without a rebound.
18:14 of 1st period - Ryan Johansen wins face-off versus Derick Brassard in Stars zone.
18:27 of 1st period - Shot by Jon Marchessault.
18:27 of 1st period - Deflect By James van Riemsdyk.
18:27 of 1st period - Stopped by Jonathan Quick with a rebound.
18:29 of 1st period - Shot by Sami Vatanen.
18:29 of 1st period - Stopped by Jonathan Quick without a rebound.
18:30 of 1st period - Barrett Hayton wins face-off versus Patrice Bergeron in Oilers zone.
18:59 of 1st period - Shot by Tom Wilson.
18:59 of 1st period - Stopped by Jonathan Quick with a rebound.
19:01 of 1st period - Shot by Patrice Bergeron.
19:01 of 1st period - Deflect By Nazem Kadri.
19:01 of 1st period - Shot Misses the Net.
19:03 of 1st period - Shot by Tom Wilson.
19:03 of 1st period - Deflect By Nazem Kadri.
19:03 of 1st period - Shot Misses the Net.
19:41 of 1st period - Tyler Toffoli is hit by Evander Kane and loses puck.
Goals for this period are 2 for Oilers vs 2 for Stars.
Shots for this period are 9 for Oilers vs 18 for Stars.

2nd period


0:01 of 2nd period - Ryan Getzlaf wins face-off versus James van Riemsdyk in neutral zone.
0:07 of 2nd period - Gustav Nyquist is hit by Darnell Nurse.
0:11 of 2nd period - Shot by Evander Kane.
0:11 of 2nd period - Shot Blocked by Darnell Nurse.
0:51 of 2nd period - Brenden Dillon is hit by Tyler Toffoli and loses puck.
1:22 of 2nd period - Shot by Bo Horvat.
1:22 of 2nd period - Stopped by Jonathan Quick without a rebound.
1:23 of 2nd period - Patrice Bergeron wins face-off versus Jason Zucker in Oilers zone.
1:24 of 2nd period - Shot by Nazem Kadri.
1:24 of 2nd period - Shot Misses the Net.
1:26 of 2nd period - Shot by Sami Vatanen.
1:26 of 2nd period - Shot Blocked by Pavel Zacha.
1:44 of 2nd period - Shot by Jason Zucker.
1:44 of 2nd period - Shot Misses the Net.
2:01 of 2nd period - Brent Burns is hit by Scott Mayfield and loses puck.
2:55 of 2nd period - Brandon Tanev is hit by Jacob Trouba and loses puck.
2:59 of 2nd period - Brandon Tanev is hit by Jacob Trouba and loses puck.
3:01 of 2nd period - Minor Penalty to Brent Burns for Tripping.
3:02 of 2nd period - Bo Horvat wins face-off versus Adam Lowry in Oilers zone.
3:17 of 2nd period - Shot by Tyler Toffoli.
3:17 of 2nd period - Shot Blocked by Adam Lowry.
3:19 of 2nd period - Shot by Tyler Toffoli.
3:19 of 2nd period - Stopped by Jonathan Quick without a rebound.
3:20 of 2nd period - Barclay Goodrow wins face-off versus Bo Horvat in Oilers zone.
3:20 of 2nd period - Travis Hamonic is hit by Tyler Toffoli and loses puck.
3:32 of 2nd period - Shot by Tyler Toffoli.
3:32 of 2nd period - Shot Blocked by Travis Hamonic.
4:01 of 2nd period - Icing by Bo Horvat.
4:02 of 2nd period - Adam Lowry wins face-off versus Bo Horvat in Stars zone.
4:02 of 2nd period - Barclay Goodrow is hit by Sami Vatanen and loses puck.
4:29 of 2nd period - Vladislav Gavrikov is hit by Tom Wilson and loses puck.
5:05 of 2nd period - Shot by James van Riemsdyk.
5:05 of 2nd period - Stopped by Jonathan Quick with a rebound.
5:31 of 2nd period - Shot by Gustav Nyquist.
5:31 of 2nd period - Shot Blocked by Derick Brassard.
5:55 of 2nd period - Shot by Yanni Gourde.
5:55 of 2nd period - Shot Misses the Net.
5:57 of 2nd period - Shot by Vladislav Gavrikov.
5:57 of 2nd period - Shot Misses the Net.
5:59 of 2nd period - Shot by Sam Bennett.
5:59 of 2nd period - Goal by Sam Bennett - Oilers : 3 - Stars : 2.
6:00 of 2nd period - Adam Lowry wins face-off versus Teddy Blueger in neutral zone.
6:11 of 2nd period - Shot by Barclay Goodrow.
6:11 of 2nd period - Stopped by Darcy Kuemper without a rebound.
6:12 of 2nd period - Barrett Hayton wins face-off versus Bo Horvat in Stars zone.
6:37 of 2nd period - Shot by Bo Horvat.
6:37 of 2nd period - Shot Misses the Net.
6:53 of 2nd period - Shot by John Klingberg.
6:53 of 2nd period - Deflect By Evgenii Dadonov.
6:53 of 2nd period - Shot Misses the Net.
7:24 of 2nd period - Icing by Travis Hamonic.
7:25 of 2nd period - Ryan Getzlaf wins face-off versus Brandon Tanev in Oilers zone.
7:39 of 2nd period - Shot by Ryan Getzlaf.
7:39 of 2nd period - Shot Misses the Net.
7:41 of 2nd period - Shot by Gustav Nyquist.
7:41 of 2nd period - Stopped by Darcy Kuemper with a rebound.
7:43 of 2nd period - Shot by Evander Kane.
7:43 of 2nd period - Stopped by Darcy Kuemper without a rebound.
7:44 of 2nd period - Ryan Johansen wins face-off versus Derick Brassard in Stars zone.
7:59 of 2nd period - Shot by Pavel Zacha.
7:59 of 2nd period - Shot Misses the Net.
8:17 of 2nd period - Jacob Trouba is hit by Jon Marchessault and loses puck.
8:52 of 2nd period - Icing by Brent Burns.
8:53 of 2nd period - Patrice Bergeron wins face-off versus Ryan Johansen in Oilers zone.
9:17 of 2nd period - Nazem Kadri is hit by Jacob Trouba.
9:34 of 2nd period - Minor Penalty to Tom Wilson for Hooking.
9:35 of 2nd period - Teddy Blueger wins face-off versus Ryan Getzlaf in Stars zone.
9:44 of 2nd period - Shot by Ryan Getzlaf.
9:44 of 2nd period - Shot Misses the Net.
9:59 of 2nd period - Shot by Gustav Nyquist.
9:59 of 2nd period - Stopped by Darcy Kuemper without a rebound.
10:00 of 2nd period - Teddy Blueger wins face-off versus Ryan Getzlaf in Stars zone.
10:27 of 2nd period - Shot by Gustav Nyquist.
10:27 of 2nd period - Stopped by Darcy Kuemper without a rebound.
10:28 of 2nd period - Teddy Blueger wins face-off versus Ryan Getzlaf in Stars zone.
10:28 of 2nd period - Teddy Blueger is hit by Evander Kane.
10:37 of 2nd period - Icing by Vladislav Gavrikov.
10:38 of 2nd period - Ryan Getzlaf wins face-off versus Bo Horvat in Oilers zone.
10:38 of 2nd period - Ryan Getzlaf is hit by Bo Horvat.
10:54 of 2nd period - Shot by Evander Kane.
10:54 of 2nd period - Stopped by Darcy Kuemper without a rebound.
10:55 of 2nd period - Ryan Johansen wins face-off versus Teddy Blueger in Stars zone.
11:06 of 2nd period - Shot by Brent Burns.
11:06 of 2nd period - Shot Blocked by Teddy Blueger.
12:11 of 2nd period - Shot by Adam Lowry.
12:11 of 2nd period - Stopped by Darcy Kuemper without a rebound.
12:12 of 2nd period - Bo Horvat wins face-off versus Barrett Hayton in Stars zone.
12:12 of 2nd period - Bo Horvat is hit by Sam Bennett.
12:27 of 2nd period - Off-side.
12:28 of 2nd period - Ryan Getzlaf wins face-off versus Derick Brassard in neutral zone.
12:35 of 2nd period - Shot by Evander Kane.
12:35 of 2nd period - Shot Misses the Net.
12:42 of 2nd period - Icing by Derick Brassard.
12:43 of 2nd period - Derick Brassard wins face-off versus Barrett Hayton in Stars zone.
13:15 of 2nd period - Icing by Travis Hamonic.
13:16 of 2nd period - Bo Horvat wins face-off versus Barrett Hayton in Oilers zone.
13:21 of 2nd period - Shot by Bo Horvat.
13:21 of 2nd period - Stopped by Jonathan Quick without a rebound.
13:22 of 2nd period - Ryan Getzlaf wins face-off versus Bo Horvat in Oilers zone.
13:47 of 2nd period - Off-side.
13:48 of 2nd period - Nazem Kadri wins face-off versus Ryan Johansen in neutral zone.
13:48 of 2nd period - Minor Penalty to Ryan Johansen for Roughing.
13:49 of 2nd period - Adam Lowry wins face-off versus Patrice Bergeron in Oilers zone.
14:30 of 2nd period - Shot by Patrice Bergeron.
14:30 of 2nd period - Stopped by Jonathan Quick without a rebound.
14:31 of 2nd period - Bo Horvat wins face-off versus Barrett Hayton in Oilers zone.
14:51 of 2nd period - Shot by Evgenii Dadonov.
14:51 of 2nd period - Shot Misses the Net.
15:23 of 2nd period - Brent Burns is hit by Tom Wilson and loses puck.
15:28 of 2nd period - Shot by Duncan Keith.
15:28 of 2nd period - Shot Blocked by Jacob Trouba.
15:30 of 2nd period - Shot by John Klingberg.
15:30 of 2nd period - Shot Misses the Net.
15:32 of 2nd period - Shot by John Klingberg.
15:32 of 2nd period - Shot Blocked by Brent Burns.
15:34 of 2nd period - Shot by John Klingberg.
15:34 of 2nd period - Stopped by Jonathan Quick without a rebound.
15:35 of 2nd period - Nazem Kadri wins face-off versus Barrett Hayton in Oilers zone.
16:08 of 2nd period - Scott Mayfield is hit by Evander Kane and loses puck.
16:17 of 2nd period - Shot by Ryan Getzlaf.
16:17 of 2nd period - Stopped by Darcy Kuemper with a rebound.
16:59 of 2nd period - Shot by Jason Zucker.
16:59 of 2nd period - Shot Misses the Net.
17:01 of 2nd period - Shot by Ryan Johansen.
17:01 of 2nd period - Stopped by Darcy Kuemper without a rebound.
17:02 of 2nd period - Barrett Hayton wins face-off versus Bo Horvat in Stars zone.
17:15 of 2nd period - Darnell Nurse is hit by Yanni Gourde and loses puck.
17:40 of 2nd period - Shot by Sam Bennett.
17:40 of 2nd period - Shot Misses the Net.
18:14 of 2nd period - Shot by Nazem Kadri.
18:14 of 2nd period - Stopped by Jonathan Quick with a rebound.
18:35 of 2nd period - Jason Zucker is hit by Tom Wilson and loses puck.
Goals for this period are 1 for Oilers vs 0 for Stars.
Shots for this period are 10 for Oilers vs 7 for Stars.

3rd period


0:01 of 3rd period - Ryan Getzlaf wins face-off versus Bo Horvat in neutral zone.
0:37 of 3rd period - John Klingberg is hit by Ryan Getzlaf and loses puck.
0:56 of 3rd period - Icing by Travis Hamonic.
0:57 of 3rd period - Patrice Bergeron wins face-off versus Evander Kane in Oilers zone.
1:00 of 3rd period - Shot by Tom Wilson.
1:00 of 3rd period - Stopped by Jonathan Quick with a rebound.
1:03 of 3rd period - Minor Penalty to Nazem Kadri for Hooking.
1:04 of 3rd period - Ryan Johansen wins face-off versus Teddy Blueger in Stars zone.
1:15 of 3rd period - Shot by Jacob Trouba.
1:15 of 3rd period - Shot Blocked by Brandon Tanev.
1:17 of 3rd period - Shot by Brent Burns.
1:17 of 3rd period - Shot Misses the Net.
1:19 of 3rd period - Shot by Pavel Zacha.
1:19 of 3rd period - Shot Misses the Net.
1:21 of 3rd period - Shot by Brent Burns.
1:21 of 3rd period - Shot Misses the Net.
1:23 of 3rd period - Shot by Pavel Zacha.
1:23 of 3rd period - Stopped by Darcy Kuemper without a rebound.
1:24 of 3rd period - Teddy Blueger wins face-off versus Ryan Johansen in Stars zone.
1:53 of 3rd period - Tom Wilson is hit by Pavel Zacha and loses puck.
3:14 of 3rd period - Barclay Goodrow is hit by Tyler Toffoli and loses puck.
3:40 of 3rd period - Shot by Bo Horvat.
3:40 of 3rd period - Stopped by Jonathan Quick without a rebound.
3:41 of 3rd period - Patrice Bergeron wins face-off versus Yanni Gourde in Oilers zone.
4:00 of 3rd period - Shot by Patrice Bergeron.
4:00 of 3rd period - Shot Misses the Net.
4:02 of 3rd period - Shot by Patrice Bergeron.
4:02 of 3rd period - Shot Misses the Net.
4:04 of 3rd period - Shot by Patrice Bergeron.
4:04 of 3rd period - Stopped by Jonathan Quick with a rebound.
4:09 of 3rd period - Nazem Kadri is hit by Vladislav Gavrikov.
4:35 of 3rd period - Jon Marchessault is hit by Travis Hamonic and loses puck.
4:55 of 3rd period - Minor Penalty to Yanni Gourde for Hooking.
4:56 of 3rd period - Adam Lowry wins face-off versus Bo Horvat in Oilers zone.
5:23 of 3rd period - Shot by Bo Horvat.
5:23 of 3rd period - Stopped by Jonathan Quick without a rebound.
5:24 of 3rd period - Patrice Bergeron wins face-off versus Adam Lowry in Oilers zone.
6:58 of 3rd period - Shot by Evander Kane.
6:58 of 3rd period - Shot Misses the Net.
7:24 of 3rd period - Evander Kane is hit by Scott Mayfield and loses puck.
8:39 of 3rd period - Shot by Darnell Nurse.
8:39 of 3rd period - Stopped by Jonathan Quick with a rebound.
8:41 of 3rd period - Shot by Darnell Nurse.
8:41 of 3rd period - Stopped by Jonathan Quick with a rebound.
8:43 of 3rd period - Shot by Tom Wilson.
8:43 of 3rd period - Shot Misses the Net.
8:48 of 3rd period - Icing by Dylan DeMelo.
8:49 of 3rd period - Bo Horvat wins face-off versus Ryan Getzlaf in Oilers zone.
9:17 of 3rd period - Icing by Jacob Trouba.
9:18 of 3rd period - Ryan Johansen wins face-off versus Derick Brassard in Oilers zone.
9:55 of 3rd period - Shot by Jon Marchessault.
9:55 of 3rd period - Shot Blocked by Brent Burns.
10:23 of 3rd period - Shot by Patrice Bergeron.
10:23 of 3rd period - Stopped by Jonathan Quick with a rebound.
10:36 of 3rd period - Off-side.
10:37 of 3rd period - Yanni Gourde wins face-off versus Bo Horvat in neutral zone.
10:39 of 3rd period - Off-side.
10:40 of 3rd period - Adam Lowry wins face-off versus Bo Horvat in neutral zone.
11:05 of 3rd period - Shot by Barclay Goodrow.
11:05 of 3rd period - Shot Blocked by Mattias Ekholm.
11:46 of 3rd period - Icing by Adam Lowry.
11:47 of 3rd period - Patrice Bergeron wins face-off versus Adam Lowry in Oilers zone.
11:56 of 3rd period - Shot by Nazem Kadri.
11:56 of 3rd period - Shot Blocked by Brenden Dillon.
11:58 of 3rd period - Shot by Tom Wilson.
11:58 of 3rd period - Shot Misses the Net.
12:53 of 3rd period - Jon Marchessault is hit by Evander Kane.
12:56 of 3rd period - Off-side.
12:57 of 3rd period - Teddy Blueger wins face-off versus Ryan Johansen in neutral zone.
13:54 of 3rd period - Shot by Evander Kane.
13:54 of 3rd period - Stopped by Darcy Kuemper without a rebound.
13:55 of 3rd period - Ryan Getzlaf wins face-off versus Bo Horvat in Stars zone.
13:58 of 3rd period - Shot by Gustav Nyquist.
13:58 of 3rd period - Shot Misses the Net.
14:00 of 3rd period - Shot by Brent Burns.
14:00 of 3rd period - Deflect By Gustav Nyquist.
14:00 of 3rd period - Stopped by Darcy Kuemper without a rebound.
14:01 of 3rd period - Ryan Getzlaf wins face-off versus Bo Horvat in Stars zone.
14:04 of 3rd period - Shot by Evander Kane.
14:04 of 3rd period - Stopped by Darcy Kuemper without a rebound.
14:05 of 3rd period - Bo Horvat wins face-off versus Ryan Getzlaf in Stars zone.
14:09 of 3rd period - Off-side.
14:10 of 3rd period - Evgenii Dadonov wins face-off versus Ryan Getzlaf in neutral zone.
14:45 of 3rd period - Shot by Evgenii Dadonov.
14:45 of 3rd period - Deflect By Bo Horvat.
14:45 of 3rd period - Shot Misses the Net.
15:27 of 3rd period - Shot by Nazem Kadri.
15:27 of 3rd period - Shot Blocked by Brenden Dillon.
15:29 of 3rd period - Shot by Nazem Kadri.
15:29 of 3rd period - Stopped by Jonathan Quick without a rebound.
15:30 of 3rd period - Barrett Hayton wins face-off versus Derick Brassard in Oilers zone.
15:30 of 3rd period - Sam Bennett is hit by Derick Brassard and loses puck.
15:44 of 3rd period - Shot by James van Riemsdyk.
15:44 of 3rd period - Deflect By Jon Marchessault.
15:44 of 3rd period - Shot Misses the Net.
15:58 of 3rd period - Shot by Yanni Gourde.
15:58 of 3rd period - Shot Misses the Net.
16:20 of 3rd period - Shot by Barclay Goodrow.
16:20 of 3rd period - Stopped by Darcy Kuemper without a rebound.
16:21 of 3rd period - Ryan Johansen wins face-off versus Bo Horvat in Stars zone.
16:29 of 3rd period - Icing by Jacob Trouba.
16:30 of 3rd period - Patrice Bergeron wins face-off versus Ryan Johansen in Oilers zone.
16:33 of 3rd period - Shot by Tom Wilson.
16:33 of 3rd period - Shot Blocked by Brent Burns.
16:50 of 3rd period - Shot by Ryan Johansen.
16:50 of 3rd period - Shot Misses the Net.
18:37 of 3rd period - Icing by Vladislav Gavrikov.
18:38 of 3rd period - Barrett Hayton wins face-off versus Derick Brassard in Oilers zone.
18:47 of 3rd period - Shot by Barrett Hayton.
18:47 of 3rd period - Shot Blocked by Jon Marchessault.
18:49 of 3rd period - Shot by Travis Hamonic.
18:49 of 3rd period - Stopped by Darcy Kuemper without a rebound.
18:50 of 3rd period - Ryan Johansen wins face-off versus Teddy Blueger in Stars zone.
19:19 of 3rd period - Shot by Ryan Johansen.
19:19 of 3rd period - Stopped by Darcy Kuemper without a rebound.
19:20 of 3rd period - Adam Lowry wins face-off versus Bo Horvat in Stars zone.
19:36 of 3rd period - Stars, Darcy Kuemper is pulled from the net.
19:36 of 3rd period - Shot by Jon Marchessault.
19:36 of 3rd period - Shot Blocked by Travis Hamonic.
19:51 of 3rd period - Bo Horvat is hit by Travis Hamonic and loses puck.
Goals for this period are 0 for Oilers vs 0 for Stars.
Shots for this period are 7 for Oilers vs 8 for Stars.